 Dungeon Crawl Stone Soup version 0.24.0-123-gd5b16e6ec5 (webtiles) character file.

Game seed: 9456386818992526248, levelgen mode: deterministic

21 JustSomeDude the Skirmisher (level 2, 26/26 HPs)
             Began as a Demonspawn Wanderer on Feb 8, 2020.
             Quit the game on level 1 of the Dungeon.
             The game lasted 00:01:14 (541 turns).

JustSomeDude the Skirmisher (Demonspawn Wanderer)    Turns: 541, Time: 00:01:15

Health: 26/26      AC:  8    Str: 13    XL:     2   Next: 62%
Magic:  2/2        EV:  8    Int: 11    God:
Gold:   50         SH:  0    Dex: 13    Spells: 1/1 levels left

rFire    . . .     SeeInvis .   a - +0 hand axe
rCold    . . .     Gourm    .   (no shield)
rNeg     . . .     Faith    .   c - +2 scale mail
rPois    .         Spirit   .   (no helmet)
rElec    .         Reflect  .   (no cloak)
rCorr    .         Harm     .   (no gloves)
MR       .....                  (no boots)
Stlth    ..........             (no amulet)
HPRegen  0.08/turn              (no ring)
MPRegen  0.08/turn              (no ring)

@: very slow
A: hooves 1
a: no special abilities


You were on level 1 of the Dungeon.
You were not hungry.

You visited 1 branch of the dungeon, and saw 1 of its levels.

You collected 50 gold pieces.

Inventory:

Hand Weapons
 a - a +0 hand axe (weapon)
 d - a +0 dagger
Armour
 c - a +2 scale mail (worn)
Scrolls
 b - a scroll of teleportation
 e - 2 scrolls of identify {unknown}
 g - a scroll of enchant armour {unknown}
 h - a scroll of blinking {unknown}
 l - a scroll of fear {unknown}
Potions
 i - a potion of heal wounds {unknown}
 j - a potion of flight {unknown}
 k - a potion of invisibility {unknown}
Comestibles
 f - a ration


   Skills:
 + Level 4.5 Fighting
 + Level 2.1 Axes
 + Level 1.9 Armour
 + Level 1.8 Stealth


You had one spell level left.
You didn't know any spells.
Your spell library was empty.

Dungeon Overview and Level Annotations

Branches:
Dungeon (1/15)

Altars:
The Shining One


Innate Abilities, Weirdness & Mutations

You have large cloven feet.


Message History

No target in view!
No target in view!
No target in view!
No target in view!
No target in view!
No target in view!
No target in view!
You enter the shallow water.
Moving in this stuff is going to be slow.
You now have 50 gold pieces (gained 9).
You see here 22 bolts.
You enter the shallow water.
Moving in this stuff is going to be slow.
You enter the shallow water.
Moving in this stuff is going to be slow.
A frilled lizard comes into view.
The frilled lizard bites the plant but does no damage.
A frilled lizard is nearby!
A frilled lizard is nearby!
Are you sure you want to abandon this character and quit the game? (Confirm with "yes".) #########†≈≈≈≈≈≈♣ ≈≈≈P≈P## ..........# PPPP≈♣≈♣≈PPPP##

#########†#..# .PPl♣♣♣≈PP.#
#####.#..###≈PP♣≈≈≈≈PP#
#...........P≈PP♣♣♣≈≈.#
#.###)#####...P♣≈≈≈≈P≈##
#.##...#....PPP♣≈≈≈PPP.#
###.#.....≈...≈≈♣≈≈≈≈.P#.#
#........≈PP≈≈@♣PP≈P#.##.#
#.#.#...≈P≈≈♣≈P≈P.#.#.##.#
#.#.##..≈≈PPPPPP..†.#.##.##
#.#.###..≈P.P≈.#.####.#.#.#####
#.#.# ##≈PPP..##.## #..###.....
#.#.# ##...#.#...###.#.#.#####
#.#.# ##.##..###.##.##.## #####
####### ###..####
♣♣♣♣♣♣♣♣♣♣♣♣♣♣♣♣♣♣♣♣♣############


You could see a frilled lizard.

Vanquished Creatures
  An ooze (D:1)
  A leopard gecko (D:1)
  2 giant cockroaches (D:1)
  2 hobgoblins (D:1)
  A bat (D:1)
  2 goblins (D:1)
  2 kobolds (D:1)
  6 rats (D:1)
17 creatures vanquished.

Notes
Turn   | Place    | Note
-------+----------+-------------------------------------------
     0 | D:1      | JustSomeDude the Demonspawn Wanderer began the quest for
                  | the Orb.
     0 | D:1      | JustSomeDude set off with the following items: a +0 hand
                  | axe, a scroll of teleportation, a +2 scale mail, a +0
                  | dagger, a ration
     0 | D:1      | Reached XP level 1. HP: 19/19 MP: 1/1
   165 | D:1      | Found a glowing golden altar of the Shining One.
   241 | D:1      | Gained mutation: You have large cloven feet. [demonic
                  | ancestry]
   241 | D:1      | Reached XP level 2. HP: 13/26 MP: 2/2
   541 | D:1      | Quit the game

Levels and vault maps discovered:
D:1:      erik_arrival_cave_to_civilisation [erik_arrival_cave_to_temple],
          layout_loops_ring, serial_bayou_lagoon_a, tso_metal_star

Skill      XL: |  1  2 |
---------------+-------+-----
Axes           | 2 |  2.1
Fighting       | |  4.5
Armour         | |  1.9
Stealth        | |  1.8

Action                   || total
-------------------------++-------
Melee: Hand axe          ||    34
       Kick              ||     4
Armor: Scale mail        ||    13
Dodge: Dodged            ||    13
